 Dungeon Crawl Stone Soup version bcrawl-1.13 (webtiles) character file.

Game seed: 13598907745558120640

2339 Camlann the Protected (level 9, 0/63 HPs)
             Began as a Demonspawn Archaeologist on July 27, 2019.
             Was an Initiate of Ashenzari.
             Killed by divine providence
             ... invoked by an orc priest
              (13 damage)
             ... on level 5 of the Dungeon.
             The game lasted 00:08:52 (4639 turns).

Camlann the Protected (Demonspawn Archaeologist)    Turns: 4639, Time: 00:08:53

Health: 0/63       AC: 27    Str: 14    XL:     9   Next: 19%
Magic:  0/9        EV: 10    Int: 15    God:    Ashenzari [......]
Gold:   186        SH:  0    Dex: 13    Spells: 8/8 levels left

rFire    . . .     SeeInvis +   j - +5 hand axe
rCold    + + .     Gourm    .   (no shield)
rNeg     . . .     Faith    .   f - +7 Kryia's mail coat {PotionHeal*2 rC+ RMsl} (curse)
rPois    .         Spirit   +   c - +1 hat
rElec    .         Reflect  .   l - +2 cloak {+Inv} (curse)
rCorr    .         Harm     .   m - +0 pair of gloves
MR       .....                  d - +1 pair of boots
Stlth    +.........             n - amulet of the acrobat
HPRegen  0.20/turn              b - ring of see invisible
MPRegen  0.11/turn              v - ring of protection from cold

@: hasted, repel missiles, very quick
A: horns 2, slimy green scales 2, magic shield
a: Curse Item, Renounce Religion, Evoke Invisibility


You were on level 5 of the Dungeon.
You worshipped Ashenzari.
Ashenzari was noncommittal.
You were hungry.

You visited 2 branches of the dungeon, and saw 6 of its levels.

You collected 420 gold pieces.
You spent 234 gold pieces at shops.

Inventory:

Hand Weapons
 j - a +5 hand axe (weapon)
Armour
 c - a +1 hat (worn)
 d - a +1 pair of boots (worn)
 f - the cursed +7 Kryia's mail coat (worn) {PotionHeal*2 rC+ RMsl}

   It protects you from cold.
   It protects you from missiles.
   It has a curse placed upon it.
 l - a cursed +2 cloak of invisibility (worn)
 m - a +0 pair of gloves (worn)
Jewellery
 b - a ring of see invisible (left hand)
 n - an amulet of the acrobat (around neck)
 u - an uncursed ring of poison resistance
 v - a ring of protection from cold (right hand)
Wands
 o - a wand of disintegration (36)
Scrolls
 a - 2 scrolls of identify
 e - a scroll of amnesia
 i - 4 scrolls of remove curse
 q - a scroll of magic mapping
 s - 2 scrolls of enchant weapon
Potions
 h - a potion of degeneration
 p - 2 potions of lignification
 r - a potion of cancellation
Comestibles
 g - 12 rations {!d}


   Skills:
 - Level 3.0 Fighting
   Level 0.8 Maces & Flails
 + Level 11.6 Armour
 - Level 2.6 Dodging
 - Level 3.0 Stealth


You had 8 spell levels left.
You didn't know any spells.
Your spell library was empty.

Dungeon Overview and Level Annotations

Branches:
Dungeon (5/12)             Temple (1/1) D:5

Altars:
Ashenzari
Cheibriados
Elyvilon
Fedhas
Gozag
Hepliaklqana
Lugonu
Makhleb
Okawaru
Qazlal
Ru
Sif Muna
Uskayaw
Vehumet
Wu Jian
Xom
Yredelemnul
Zin
The Shining One

Shops:
D:5 (*?

Annotations:
D:5 3 runed translucent doors, Banto's ghost, novice FoAK


Innate Abilities, Weirdness & Mutations

You have a pair of horns on your head.
You are mostly covered in slimy green scales. (AC +3)
When hurt, damage is shared between your health and your magic reserves.


Message History

You hit the orc wizard.
You kill the orc wizard!
You slash the orc warrior! You completely miss the orc warrior.
The orc warrior hits you but does no damage.
The orc priest closely misses you.
The orc warrior hits you with a +0 long sword!
Things that are here:
a +0 dagger; a +0 robe You closely miss the orc priest.
You headbutt the orc priest.
You hit the orc warrior but do no damage.
The orc priest calls down the wrath of Beogh upon you.
Beogh smites you!
* * * LOW HITPOINT WARNING * * *
You hit the orc priest.
You hit the orc warrior but do no damage.
The orc warrior barely misses you.
The orc priest invokes the aid of Beogh against you.
Beogh smites you!
You die...

*,#.....#############..
*,#........[...........
*,#######.###########.. *,*
#.#,,,,,,* ### *,*
#.#,****,* *,* #.#,* **,**
*,* #.#,***,,,*
#.#######.#,**<,,,*
#....[@o#.#,**,,,,*
################o#.#,**,*,**
#...............)..#,**,*,*
######.#########.###,,,,*,*
#.#......##.# ****,*,*
#.#.####.##.########.***
#.#..................,,*
#.#..#.#.#.#########.*,*
#.#..#.#.#.#,,,,,,,,,*,*


You could see an orc warrior and an orc priest.

Vanquished Creatures
  A cyclops (D:5)
  2 hippogriffs
  Sigmund (D:2)
  Eustachio (D:4)
  Purgy (D:4)
  An orc warrior (D:5)
  A crocodile (D:4)
  2 bullfrogs (D:4)
  A scorpion (D:4)
  A water moccasin skeleton (D:5)
  A howler monkey (D:4)
  3 crimson imps
  A centaur zombie (D:5)
  A hound (D:4)
  2 centaur skeletons (D:4)
  Crazy Yiuf (D:4)
  4 orc wizards
  Jessica (D:2)
  2 iguanas
  7 worker ants
  4 adders
  A shadow imp (D:4)
  An adder zombie (D:5)
  4 worms
  5 dart slugs
  3 leopard geckos
  13 orcs
  7 bats
  4 giant cockroaches
  4 goblins
  7 hobgoblins
  8 jackals
  2 quokkas
  2 ball pythons
  8 frilled lizards
  10 kobolds
  2 rats (D:2)
120 creatures vanquished.

Notes
Turn   | Place    | Note
-------+----------+-------------------------------------------
     0 | D:1      | Camlann the Demonspawn Archaeologist began the quest for
                  | the Orb.
     0 | D:1      | Reached XP level 1. HP: 15/15 MP: 1/1
   176 | D:1      | Gained mutation: When hurt, damage is shared between your
                  | health and your magic reserves. [demonic ancestry]
   176 | D:1      | Reached XP level 2. HP: 21/22 MP: 2/2
   912 | D:2      | Gained mutation: You are partially covered in slimy green
                  | scales. (AC +2) [demonic ancestry]
   912 | D:2      | Reached XP level 3. HP: 29/29 MP: 3/3
   961 | D:2      | Reached skill level 1 in Armour
  1034 | D:2      | Noticed Jessica
  1039 | D:2      | Killed Jessica
  1039 | D:2      | Reached skill level 3 in Armour
  1039 | D:2      | Gained mutation: You are mostly covered in slimy green
                  | scales. (AC +3) [demonic ancestry]
  1039 | D:2      | Reached XP level 4. HP: 11/35 MP: 1/4
  1896 | D:2      | Reached skill level 4 in Armour
  1940 | D:2      | Noticed Sigmund
  1980 | D:2      | Killed Sigmund
  1980 | D:2      | Reached skill level 6 in Armour
  1980 | D:2      | Reached XP level 5. HP: 18/41 MP: 2/5
  2168 | D:3      | Gained mutation: You have a pair of small horns on your
                  | head. [demonic ancestry]
  2168 | D:3      | Reached XP level 6. HP: 44/47 MP: 6/6
  2621 | D:3      | Found a deep blue altar of Sif Muna.
  2696 | D:3      | Found a basalt altar of Yredelemnul.
  2706 | D:3      | Found an opulent altar of Gozag.
  2924 | D:4      | Reached skill level 7 in Armour
  2975 | D:4      | Noticed a hippogriff
  2994 | D:4      | Killed a hippogriff
  2994 | D:4      | Reached XP level 7. HP: 25/52 MP: 5/7
  3000 | D:4      | Reached skill level 8 in Armour
  3379 | D:4      | Found a hazy altar of Hepliaklqana.
  3426 | D:4      | Noticed Eustachio
  3452 | D:4      | Killed Eustachio
  3452 | D:4      | Reached skill level 9 in Armour
  3452 | D:4      | Reached XP level 8. HP: 18/58 MP: 4/8
  3745 | D:4      | Noticed Purgy
  3755 | D:4      | Killed Purgy
  3850 | D:4      | Reached skill level 10 in Armour
  3948 | D:4      | Found a runed door.
  3956 | D:4      | Noticed Crazy Yiuf
  3977 | D:4      | Killed Crazy Yiuf
  4065 | D:5      | Entered Level 5 of the Dungeon
  4069 | D:5      | Found Wezuc's Assorted Antiques.
  4077 | D:5      | Bought a scroll labeled KIHEITO WIOHU for 24 gold pieces
  4077 | D:5      | Bought a fuming ruby potion for 21 gold pieces
  4077 | D:5      | Bought a scroll labeled UQUYCI WEAPS for 24 gold pieces
  4077 | D:5      | Bought a fizzy cyan potion for 21 gold pieces
  4077 | D:5      | Bought a scroll labeled ETIGIOCAN for 24 gold pieces
  4077 | D:5      | Bought a runed granite ring for 120 gold pieces
  4123 | D:5      | Found Damowo Mesa's Armour Emporium.
  4153 | D:5      | Noticed a cyclops
  4171 | D:5      | Killed a cyclops
  4171 | D:5      | Reached skill level 11 in Armour
  4193 | D:5      | Noticed a hippogriff
  4200 | D:5      | Killed a hippogriff
  4200 | D:5      | Gained mutation: You have a pair of horns on your head.
                  | [demonic ancestry]
  4200 | D:5      | Reached XP level 9. HP: 47/63 MP: 7/9
  4214 | D:5      | Found a runed translucent gate.
  4214 | D:5      | Found a runed translucent gate.
  4218 | D:5      | Found a runed translucent gate.
  4218 | D:5      | Noticed Banto's ghost (novice FoAK)
  4228 | D:5      | Found a staircase to the Ecumenical Temple.
  4237 | Temple   | Entered the Ecumenical Temple
  4259 | Temple   | Became a worshipper of Ashenzari the Shackled
  4341 | D:5      | Found Radiceca's Antique Weapon Shoppe.
  4439 | D:5      | Found Asset's Magic Scroll Shoppe.
  4639 | D:5      | Killed from afar by an orc priest

Skill      XL: |  1  2  3  4  5  6  7  8 |
---------------+-------------------------+-----
Fighting       | 2 3 |  3.0
Armour         | 3 6 7 9 11 | 11.6
Maces & Flails | |  0.8
Dodging        | |  2.6
Stealth        | |  3.0

Action                   |  1- 3 |  4- 6 |  7- 9 || total
-------------------------+-------+-------+-------++-------
Melee: Whip              |    52 |       |       ||    52
       Hand axe          |    48 |   151 |   228 ||   427
       Headbutt          |       |    16 |    35 ||    51
Invok: Curse Item        |       |       |     2 ||     2
  Use: Potion            |     1 |     4 |    10 ||    15
       Scroll            |       |     2 |     8 ||    10
 Stab: Sleeping          |     4 |     4 |       ||     8
  Eat: Chunk             |       |     6 |     6 ||    12
Armor: Robe              |    43 |    10 |       ||    53
       Skin              |       |     7 |       ||     7
       Scale mail        |       |   102 |   177 ||   279
Dodge: Dodged            |    62 |    96 |   163 ||   321
       Deflected         |       |     2 |     1 ||     3
